 Dungeon Crawl Stone Soup version 0.27-b1-23-g44b8eac545 (webtiles) character file.

Game seed: 5759001344178216920

957 Urokeeper the Covert (level 7, -2/41 HPs)
             Began as a Vampire Brigand on July 27, 2021.
             Slain by a gnoll sergeant (7 damage)
             ... on level 5 of the Dungeon.
             The game lasted 00:27:06 (3840 turns).

Urokeeper the Covert (Vampire Brigand)              Turns: 3840, Time: 00:27:06

Health: -2/41      AC:  0    Str:  8 (10) XL:     7   Next: 91%
Magic:  5/7        EV: 20    Int: 11 (13) God:
Gold:   198        SH:  0    Dex: 21 (23) Spells: 6/6 levels left

rFire    . . .     SeeInvis +   (weapon currently unavailable)
rCold    + + .     Faith    .   (shield currently unavailable)
rNeg     + + +     Spirit   .   (armour currently unavailable)
rPois    ∞         Reflect  .   (helmet currently unavailable)
rElec    .         Harm     .   (cloak currently unavailable)
rCorr    .         Rampage  .   (gloves currently unavailable)
Will     .....                  (boots currently unavailable)
Stlth    ++++++....             (no amulet)
HPRegen  0.00/turn              (ring currently unavailable)
MPRegen  0.10/turn              (ring currently unavailable)

@: bat-form, flying, bloodless, inhibited regen, very quick
A: fast, flying, no casting, bloodless, tiny, fangs 3, see invisible, vampiric 2
a: Revivify, End Transformation


You were on level 5 of the Dungeon.
You were a vampire bat.
You visited 1 branch of the dungeon, and saw 5 of its levels.

You collected 198 gold pieces.

Inventory:

Hand Weapons
 a - a +2 dagger
 i - a +3 dagger (melded)
 m - a +0 hand crossbow
 o - a +1 dagger of venom
Missiles
 d - 15 poisoned darts
 g - 14 bolts
 u - 9 boomerangs (quivered)
Armour
 b - a +0 robe
 c - a +0 cloak (melded)
 f - a +0 helmet
 r - a +0 chain mail (melded)
 B - a +0 pair of boots (melded)
 G - a +1 helmet (melded)
Jewellery
 l - a ring of willpower
 w - a ring of fire (melded)
 y - the ring of Reosh (melded) {Ice Dex+4 Slay+3 SInv}
   (You found it on level 4 of the Dungeon)

   [ring of ice]

   It enhances your ice magic.
   Dex:       It affects your dexterity (+4).
   Slay:      It affects your accuracy & damage with ranged weapons and melee
   (+3).
   rF:        It makes you vulnerable to fire.
   rC:        It protects you from cold.
   SInv:      It lets you see invisible.
Wands
 D - a wand of charming (10)
Scrolls
 j - a scroll of enchant armour {unknown}
 q - a scroll of summoning {unknown}
 s - a scroll of enchant weapon {unknown}
 t - a scroll of acquirement {unknown}
 v - a scroll of magic mapping {unknown}
 x - a scroll of vulnerability {unknown}
 A - a scroll of teleportation {unknown}
 C - 3 scrolls of identify {unknown}
 E - a scroll of noise {unknown}
Potions
 e - 3 potions of ambrosia {unknown}
 h - a potion of curing {unknown}
 k - a potion of invisibility {unknown}
 n - 3 potions of resistance {unknown}
 p - 4 potions of heal wounds {unknown}
 z - 2 potions of might {unknown}
 F - a potion of magic {unknown}


   Skills:
 + Level 3.1 Fighting
 + Level 5.3 Short Blades
 + Level 3.8 Throwing
 + Level 2.7 Armour
 + Level 2.4 Dodging
 + Level 8.8 Stealth


You had 6 spell levels left.
You didn't know any spells.
Your spell library contained the following spells:

 Spells                   Type           Power      Damage    Failure   Level
 Sandblast                Erth           0%         2d4       34%         1
 Passwall                 Tmut/Erth      0%         N/A       47%         2
 Call Canine Familiar     Summ           0%         N/A       71%         3
 Portal Projectile        Hex/Tloc       0%         N/A       71%         3
 Leda's Liquefaction      Hex/Erth       0%         N/A       98%         4
 Lee's Rapid Deconstruct  Erth           0%         3d5*      100%        5


Dungeon Overview and Level Annotations

Branches:
Dungeon (5/15)
 Temple: D:4-7

Altars:
Xom

Shops:
D:2 (


Innate Abilities, Weirdness & Mutations

You are a vampire bat.
You are tiny and dextrous.
You move quickly.
You are flying.
Your equipment is almost entirely melded.
You are incapable of wielding weapons or throwing items.
You cannot cast spells.
You do not regenerate when monsters are visible.
You are frail without blood (-20% HP).
You can heal yourself when you bite living creatures.
You are immune to poison.
You have razor-sharp teeth.
You have supernaturally acute eyesight. (SInv)
You are afflicted with vampirism and can become a bat while bloodless.


Message History

The gnoll hits you with a +0 flail.
The gnoll sergeant hits you but does no damage.
The gnoll hits you but does no damage.
You puncture the gnoll!
You kill the gnoll!
The gnoll sergeant hits you but does no damage.
The gnoll hits you but does no damage.
The gnoll sergeant hits you but does no damage.
Keep bloodletting?
The gnoll barely misses you. The gnoll hits you with a +0 whip.
You begin bloodletting.
You continue bloodletting.
The gnoll sergeant hits you from afar with a +0 trident!
The gnoll hits you but does no damage. The gnoll hits you with a +0 whip.
You continue bloodletting.
The gnoll sergeant barely misses you.
The gnoll hits you from afar with a +0 spear.
* * * LOW HITPOINT WARNING * * *
The gnoll hits you but does no damage.
You continue bloodletting.
The gnoll sergeant hits you but does no damage.
The gnoll hits you but does no damage. The gnoll hits you with a +0 whip.
* * * LOW HITPOINT WARNING * * *
You continue bloodletting.
The gnoll sergeant hits you but does no damage.
The gnoll barely misses you. x2
You continue bloodletting.
The gnoll sergeant barely misses you.
The gnoll hits you from afar with a +0 spear.
* * * LOW HITPOINT WARNING * * *
The gnoll hits you but does no damage.
Now bloodless.
You turn into a vampire bat.
Your +3 dagger melds into your body.
Your +0 cloak melds into your body.
Your +1 helmet melds into your body.
Your +0 pair of boots melds into your body.
Your +0 chain mail melds into your body.
The ring of Reosh {Ice Dex+4 Slay+3 SInv} melds into your body.
Your ring of fire melds into your body.
You feel weakened.
You feel dopey.
You feel clumsy.
The gnoll sergeant hits you from afar with a +0 trident!
You die...

#.##.# #.# #.#
#.##.# #.# #.#
#.##.# #.# #.#
#.##.# ###># #.#
#.##.# #≈≈≈≈ ≈≈≈
######
#.##.###≈##≈
≈##≈# .....#
#.##....≈######
≈# ####.#
#.####..≈≈#g..#
≈# #.# #.#
#...bgg.!# ≈#
###.# #.#
#.#≈≈#g..# ≈#
##...# #.# #.#≈##
### ...#.# #.#
#..≈#
##...###.######≈≈
###..[........#.#
.....###.####.#.#
.........# ##.#.#
###..#######....#


You could see a gnoll sergeant and 3 gnolls.

Vanquished Creatures
  3 black bears (D:4)
  2 necrophages
  An ogre (D:5)
  Blork the orc (D:4)
  A water moccasin skeleton (D:5)
  A hound (D:5)
  An iguana (D:4)
  A hound zombie (D:5)
  3 hound skeletons
  A howler monkey zombie (D:4)
  6 gnolls (D:5)
  4 adders
  A white imp (D:5)
  2 adder skeletons (D:4)
  A worm (D:5)
  2 dart slugs
  7 orcs
  8 ball pythons
  2 endoplasms (D:2)
  5 giant cockroaches
  6 goblins
  5 hobgoblins
  10 jackals
  9 kobolds
  6 quokkas
  6 bats
  2 frilled lizards (D:2)
  4 rats
101 creatures vanquished.

Notes
Turn   | Place    | Note
-------+----------+-------------------------------------------
     0 | D:1      | Urokeeper the Vampire Brigand began the quest for the Orb.
     0 | D:1      | Reached XP level 1. HP: 16/16 MP: 1/1
    67 | D:1      | Found a faded altar of an unknown god.
    86 | D:1      | Reached skill level 6 in Stealth
   188 | D:1      | Reached XP level 2. HP: 16/22 MP: 2/2
   405 | D:1      | Reached skill level 7 in Stealth
   566 | D:1      | Gained mutation: You are afflicted with vampirism and can
                  | become a bat while bloodless. [Vampire growth]
   566 | D:1      | Reached XP level 3. HP: 27/27 MP: 3/3
  1010 | D:2      | Found Napoecs's Antique Weapon Shop.
  1287 | D:2      | Reached XP level 4. HP: 26/33 MP: 4/4
  1343 | D:2      | Reached skill level 8 in Stealth
  1777 | D:3      | Found a shimmering altar of Xom.
  2259 | D:4      | Noticed a black bear
  2268 | D:4      | Killed a black bear
  2269 | D:4      | Reached XP level 5. HP: 33/38 MP: 5/5
  2366 | D:4      | Identified the ring of Reosh {Ice Dex+4 Slay+3 SInv}
  2371 | D:4      | Noticed a black bear
  2387 | D:4      | Killed a black bear
  2388 | D:4      | Reached skill level 1 in Armour
  2388 | D:4      | Reached XP level 6. HP: 46/46 MP: 6/6
  2662 | D:4      | Noticed Blork the orc
  2701 | D:4      | Killed Blork the orc
  2881 | D:4      | Reached XP level 7. HP: 51/51 MP: 7/7
  3083 | D:5      | Entered Level 5 of the Dungeon
  3361 | D:5      | Reached skill level 5 in Short Blades
  3840 | D:5      | Slain by a gnoll sergeant

Illustrated notes

Levels and vault maps discovered:
D:1:      dpeg_arrival_triangle_fractal, layout_loops_ring,
          ebering_ecumenical_altar_hall, minmay_misc_feat_hallway, st_stairs_11
D:2:      layout_rooms, serial_shops, nicolae_shop_waterfront
D:3:      layout_loops_cross, mainiacjoe_overflow_six_doors_small
D:4:      layout_cave_pools, minmay_checkerbox, uniq_blork_the_orc
D:5:      layout_loops_ring, lightli_minifort

Skill      XL: |  1  2  3  4  5  6  7 |
---------------+----------------------+-----
Stealth        | 6 7 8 |  8.8
Fighting       | 2 3 |  3.1
Short Blades   | 3 4 5 |  5.3
Armour         | 1 2 |  2.7
Dodging        | 2 |  2.4
Throwing       | 2 3 |  3.8

Action                   |  1- 3 |  4- 6 |  7- 9 || total
-------------------------+-------+-------+-------++-------
Melee: Dagger            |   109 |   119 |    47 ||   275
       Bite              |    10 |     5 |     6 ||    21
Throw: Dart              |       |    22 |     3 ||    25
       Boomerang         |       |     2 |    49 ||    51
 Abil: Bat Form          |       |       |     1 ||     1
       Exsanguinate      |       |       |     1 ||     1
Evoke: Wand              |       |       |     1 ||     1
 Stab: Sleeping          |    17 |       |       ||    17
Armor: Robe              |    18 |       |       ||    18
       Chain mail        |    35 |    78 |    38 ||   151
Dodge: Dodged            |    58 |    26 |    12 ||    96
